 Dungeon Crawl Stone Soup version 0.20-a0-1074-g6a0a8e1 (webtiles) character file.

2322 nikopol the Skirmisher (level 9, -8/57 HPs)
             Began as a Gargoyle Berserker on Apr 29, 2017.
             Was an Elder of Trog.
             Killed from afar by Psyche (10 damage)
             ... with a puff of frost
             ... on level 8 of the Dungeon.
             The game lasted 00:22:07 (8313 turns).

nikopol the Skirmisher (Gargoyle Berserker)         Turns: 8313, Time: 00:22:08

Health: -8/57      AC: 14    Str: 21    XL:     9   Next: 42%
Magic:  9/9        EV: 12    Int:  8    God:    Trog [****..]
Gold:   275        SH:  0    Dex: 12    Spells: 8/8 levels left

rFire    . . .     SeeInvis .   a - +0 battleaxe (chop)
rCold    . . .     Gourm    .   (shield currently unavailable)
rNeg     + . .     Faith    .   D - +0 scale mail
rPois    ∞         Spirit   .   A - +0 helmet
rElec    +         Reflect  .   (no cloak)
rCorr    .         Harm     .   (no gloves)
MR       .....                  (no boots)
Stlth    ..........             (no amulet)
Regen    0.2/turn               (no ring)
MPRegen  0.2/turn               (no ring)

@: very slightly contaminated, slowed, very slow
A: negative energy resistance 1, electricity resistance, unbreathing,
petrification resistance, rot immunity, AC +5
a: Berserk, Trog's Hand, Brothers in Arms, Burn Spellbooks, Renounce Religion


You were on level 8 of the Dungeon.
You worshipped Trog.
Trog was greatly pleased with you.
You were near starving.

You visited 1 branch of the dungeon, and saw 8 of its levels.

You collected 275 gold pieces.

Inventory:

Hand Weapons
 a - a +0 battleaxe of chopping (weapon)
 z - a +0 shortbow
 B - a +0 hand axe
Missiles
 x - 63 arrows (quivered)
Armour
 b - a +0 animal skin
 d - a +0 ring mail
 A - a +0 helmet (worn)
 D - a +0 scale mail (worn)
Jewellery
 C - an uncursed ring of protection from magic {unknown}
Wands
 u - a wand of digging (4/24)
 H - a wand of flame (39/48)
Scrolls
 e - 2 scrolls of immolation {unknown}
 f - 7 scrolls of recharging {unknown}
 g - 5 scrolls of identify {unknown}
 i - 3 scrolls of teleportation {unknown}
 j - 2 scrolls of amnesia {unknown}
 l - 2 scrolls of fear {unknown}
 m - 2 scrolls of magic mapping {unknown}
 o - 3 scrolls of enchant weapon {unknown}
 p - a scroll of enchant armour {unknown}
 s - 3 scrolls of noise {unknown}
 t - 2 scrolls of remove curse {unknown}
 y - a scroll of summoning {unknown}
 F - a scroll of blinking {unknown}
 I - a scroll of fog {unknown}
Potions
 h - a potion of heal wounds {unknown}
 n - 2 potions of mutation {unknown}
 r - 3 potions of curing {unknown}
 v - 6 potions of flight {unknown}
 E - a potion of degeneration {unknown}
 G - a potion of haste {unknown}
 J - a potion of might {unknown}
Comestibles
 c - 4 bread rations
 k - 4 fruits
 q - 2 royal jellies
 w - 2 meat rations


   Skills:
 + Level 7.2 Fighting
 * Level 6.1 Axes
 * Level 2.4 Bows
 + Level 6.9 Armour
 + Level 5.2 Dodging


You had 8 spell levels left.
You didn't know any spells.

Dungeon Overview and Level Annotations

Branches:
Dungeon (8/15)             Temple (0/1) D:5
   Lair: D:8-11

Altars:
Cheibriados
Elyvilon
Fedhas
Hepliaklqana
Makhleb
Nemelex Xobeh
Qazlal
Ru
Uskayaw
Vehumet
Yredelemnul
Zin
The Shining One

Shops:
D:4 }

Annotations:
D:8 Psyche


Innate Abilities, Weirdness & Mutations

You are resistant to torment.
Your stone body is resilient. (AC +5)
You are immune to poison.
You resist negative energy. (rN+)
You are resistant to electric shocks. (rElec)
You can survive without breathing.
You are immune to petrification.
You are immune to rotting.


Message History

That peach was delicious!
Something hits you.
* * * LOW HITPOINT WARNING * * *
Something hits you but does no damage. x2
You're still recovering from your berserk rage.
You miss something. Something hits you but does no damage.
You hear a zap.
You are blasted!
* * * LOW HITPOINT WARNING * * *
Something completely misses you.
You closely miss something. Something barely misses you.
You hear a zap.
Something tries to affect you, but you resist.
Something hits you but does no damage.
You hear a zap.
Something tries to affect you, but you resist.
You miss something.
You hear some strange, mumbled words.
A puff of frost appears from out of thin air!
The puff of frost hits you!
You die...

.... ......# .......
.....(#
.....................#
.....................#
...............# ......#
...............##.(....#
................#{.....#
................@..%...#
................#......#
................#......#
................#......#
...............##......#
...............#########
.......................#
....................>..#
......................[#


There were no monsters in sight!

Vanquished Creatures
  The ghost of dvd the Magician, an amateur DEAE (D:3)
  2 orc warriors
  A phantom (D:4)
  An ice beast (D:5)
  A centaur (D:6)
  4 bullfrogs
  2 gnoll sergeants (D:6)
  A scorpion (D:7)
  5 wights (D:6)
  4 howler monkeys
  2 crimson imps (D:6)
  2 jellies (D:6)
  3 hounds
  5 orc priests
  2 bullfrog skeletons
  An iguana (D:8)
  5 orc wizards
  6 worker ants
  2 gnolls (D:3)
  11 adders
  A shadow imp (D:5)
  An ooze (D:8)
  2 adder zombies (D:5)
  3 worms
  3 dart slugs
  8 leopard geckos
  33 orcs
  3 giant cockroaches
  8 goblins
  10 hobgoblins
  4 jackals
  2 quokkas
  A ball python (D:1)
  4 bats
  9 frilled lizards
  2 jackal skeletons
  5 kobolds
  2 quokka skeletons
  7 rats
169 creatures vanquished.

Vanquished Creatures (others)
  An orc wizard (D:8)
  A gnoll (D:3)
  A giant cockroach (D:3)
  A goblin (D:3)
  A kobold (D:3)
5 creatures vanquished.

Grand Total: 174 creatures vanquished

Notes
Turn   | Place    | Note
-------+----------+-------------------------------------------
     0 | D:1      | nikopol the Gargoyle Berserker began the quest for the Orb.
     0 | D:1      | Reached XP level 1. HP: 14/14 MP: 1/1
   106 | D:1      | Reached XP level 2. HP: 4/19 MP: 2/2
   501 | D:1      | Reached XP level 3. HP: 8/23 MP: 3/3
   795 | D:1      | Reached ** piety under Trog
   932 | D:1      | Found a glowing golden altar of the Shining One.
  1162 | D:2      | Found a sparkling altar of Nemelex Xobeh.
  1353 | D:2      | Reached XP level 4. HP: 28/28 MP: 4/4
  1460 | D:2      | Found a burning altar of Makhleb.
  1462 | D:2      | Found a glowing silver altar of Zin.
  1462 | D:2      | Noticed an angel
  1463 | D:2      | Noticed a balrug
  1699 | D:3      | Noticed dvd's ghost (amateur DEAE)
  1719 | D:3      | Killed dvd's ghost
  1719 | D:3      | Reached skill level 4 in Fighting
  1719 | D:3      | Reached XP level 5. HP: 25/33 MP: 5/5
  1994 | D:3      | Found a hazy altar of Hepliaklqana.
  2312 | D:3      | Reached *** piety under Trog
  2317 | D:3      | Reached XP level 6. HP: 13/39 MP: 6/6
  2651 | D:3      | Found a radiant altar of Vehumet.
  3065 | D:4      | Noticed a phantom
  3588 | D:4      | Reached XP level 7. HP: 44/44 MP: 7/7
  3670 | D:4      | Found a white marble altar of Elyvilon.
  3765 | D:4      | Reached skill level 5 in Fighting
  4249 | D:4      | Found Yppu's Gadget Shoppe.
  4423 | D:5      | Entered Level 5 of the Dungeon
  4465 | D:5      | Reached skill level 5 in Armour
  4468 | D:5      | Found a stormy altar of Qazlal.
  4504 | D:5      | Found a staircase to the Ecumenical Temple.
  4801 | D:5      | Found a blossoming altar of Fedhas.
  5023 | D:5      | Found a snail-covered altar of Cheibriados.
  5024 | D:5      | Found a sacrificial altar of Ru.
  5184 | D:6      | Reached XP level 8. HP: 23/51 MP: 8/8
  5197 | D:5      | HP: 1/51 [bullfrog (6)]
  5503 | D:5      | Reached skill level 6 in Fighting
  5688 | D:6      | Reached skill level 5 in Axes
  6620 | D:6      | Reached **** piety under Trog
  6636 | D:6      | Reached XP level 9. HP: 52/56 MP: 9/9
  7242 | D:6      | Reached skill level 7 in Fighting
  7270 | D:7      | Reached skill level 5 in Dodging
  7371 | D:7      | Reached skill level 1 in Bows
  7521 | D:7      | Found a basalt altar of Yredelemnul.
  7636 | D:7      | Found a hide-covered altar of Uskayaw.
  8276 | D:8      | Noticed Psyche
  8311 | D:8      | HP: 1/57 [disintegration (14)]
  8313 | D:8      | Killed from afar by Psyche

Vault maps used:
D:1:      onia_arrival_mini_spirals, tso_altar
D:2:      grunt_temple_overflow_order_and_chaos_2, lemuel_crystal_altar,
          minmay_close_crescents
D:3:      lemuel_coloured_pillars_altar, fiery_altar_vehumet, first_bread,
          hangedman_feature_mirror
D:4:      nicolae_overflow_hidden_temple, serial_shops, shop
D:5:      grunt_temple_overflow_forces_of_nature,
          gammafunk_temple_overflow_statue, minmay_temple_entry_glassed_door
D:6:      sword_in_stone
D:7:      nicolae_overflow_crystal_walls, eat_drink_and_be_merry_uskayaw
D:8:      nicolae_gozag_seed_capital, nicolae_dithmenos_the_darkroom,
          lair_entry_dummy, uniq_psyche

Skill      XL: |  1  2  3  4  5  6  7  8  9 |
---------------+----------------------------+-----
Armour         | 3 4 5 6 |  6.9
Dodging        | 2 3 4 5 |  5.2
Axes           | 3 4 5 6 |  6.1
Fighting       | 4 5 6 7 |  7.2
Bows           | 2 |  2.4

Action                   |  1- 3 |  4- 6 |  7- 9 || total
-------------------------+-------+-------+-------++-------
Melee: Hand axe          |   127 |   227 |   281 ||   635
       Battleaxe         |       |       |   137 ||   137
 Fire: Shortbow          |       |       |    45 ||    45
Invok: Berserk           |       |     3 |     5 ||     8
       Trog's Hand       |       |       |     1 ||     1
  Eat: Chunk             |     1 |    11 |    15 ||    27
       Royal jelly       |       |       |     1 ||     1
       Fruit             |       |       |     2 ||     2
Armor: Animal skin       |     7 |       |       ||     7
       Ring mail         |    60 |    96 |    63 ||   219
       Scale mail        |       |       |   142 ||   142
Dodge: Dodged            |    83 |   153 |   217 ||   453
